 Dungeon Crawl Stone Soup version 0.29.1-15-g9cfb28693d (webtiles) character file.

Game seed: 10130227860703364285

6409 croobank the Firebug (level 10, -6/66 HPs)
             Began as a Demonspawn Fire Elementalist on Apr 20, 2023.
             Was a Follower of Hepliaklqana.
             Mangled by a yak (8 damage)
             ... on level 9 of the Dungeon.
             The game lasted 00:20:27 (10338 turns).

croobank the Firebug (DsFE)                        Turns: 10338, Time: 00:20:28

Health: -6/66      AC:  5    Str:  9    XL:     10   Next: 66%
Magic:  12/18      EV: 19    Int: 21    God:    Hepliaklqana [*.....]
Gold:   514        SH:  0    Dex: 13    Spells: 2/20 levels left

rFire   . . .      SeeInvis .   i - +3 dagger (venom)
rCold   . . .      Faith    .   (no shield)
rNeg    . . .      Spirit   .   a - +0 robe
rPois   .          Reflect  .   (helmet restricted)
rElec   .          Harm     .   F - +1 cloak {rCorr}
rCorr   +          Rampage  .   j - +0 pair of gloves
Will    .....                   (no boots)
Stlth   +++.......              n - amulet of regeneration
HPRegen 1.01/turn               f - ring of wizardry
MPRegen 0.16/turn               w - ring of wizardry

@: mighty, agile
A: reduced essence, antennae 1, powered by pain 1, spiny 2
a: Renounce Religion, Recall Ancestor, Ancestor Identity


You were on level 9 of the Dungeon.
You worshipped Hepliaklqana.
Hepliaklqana was aware of your devotion.
You visited 2 branches of the dungeon, and saw 10 of its levels.

You collected 514 gold pieces.

Inventory:

Hand Weapons
 i - a +3 dagger of venom (weapon)
 q - a +0 trident
 x - a +0 morningstar
 A - a +0 vampiric spear
 E - a +4 quarterstaff of chaos
 M - a +2 flail of venom
 P - a +0 vorpal war axe
Missiles
 k - 5 curare-tipped darts
Armour
 a - a +0 robe (worn)
 h - a +0 ring mail
 j - a +0 pair of gloves (worn)
 l - a +1 helmet
 F - a +1 cloak of preservation (worn)
 H - a +0 buckler
Magical Staves
 G - a staff of earth
Jewellery
 d - a ring of resist corrosion
 f - a ring of wizardry (left hand)
 n - an amulet of regeneration (around neck)
 r - a ring of protection from cold
 w - a ring of wizardry (right hand)
Wands
 b - a wand of charming (9)
 v - a wand of quicksilver (8)
 D - a wand of flame (28)
 N - a wand of roots (15)
Scrolls
 m - a scroll of butterflies
 I - a scroll of amnesia
 K - a scroll of magic mapping
Potions
 c - 4 potions of mutation
 g - 3 potions of resistance
 o - 3 potions of curing
 p - a potion of berserk rage
 s - a potion of ambrosia
 t - 2 potions of heal wounds {unknown}
 u - 5 potions of attraction {unknown}
 z - 4 potions of flight
 B - a potion of degeneration {unknown}
 C - a potion of brilliance {unknown}
 L - a potion of haste {unknown}


   Skills:
 * Level 5.3 Fighting
 * Level 5.4 Dodging
 + Level 5.5 Stealth
 + Level 2.6 Shields
 * Level 5.5 Spellcasting
 * Level 5.6 Conjurations
 + Level 4.5 Hexes
 * Level 4.7 Summonings
 + Level 1.2 Transmutations
 * Level 5.9 Fire Magic
 + Level 1.0 Air Magic
 * Level 4.7 Invocations


You had 2 spell levels left.
You knew the following spells:

 Your Spells              Type           Power      Damage    Failure   Level
a - Foxfire               Conj/Fire      100%       2x1d9     1%          1
b - Scorch                Fire           60%        2d8       1%          2
c - Inner Flame           Hex/Fire       27%        N/A       1%          3
d - Summon Guardian Gole  Hex/Summ       25%        N/A       1%          3
e - Blink                 Tloc           10%        N/A       4%          2
f - Storm Form            Tmut/Air       5%         N/A       100%        7

Your spell library contained the following spells:

 Spells                   Type           Power      Damage    Failure   Level
 Slow                     Hex            96%        N/A       1%          1
 Summon Small Mammal      Summ           100%       N/A       1%          1
 Call Canine Familiar     Summ           25%        N/A       1%          3
 Confusing Touch          Hex            24%        N/A       1%          3
 Conjure Flame            Conj/Fire      30%        6-21      1%          3
 Flame Wave               Conj/Fire      30%        2d9       2%          4
 Spider Form              Tmut/Pois      8%         N/A       7%          3
 Frozen Ramparts          Ice            10%        1d2       9%          3
 Vampiric Draining        Necr           5%         2d6       9%          3
 Summon Ice Beast         Ice/Summ       15%        N/A       11%         4
 Irradiate                Conj/Tmut      10%        3d15      17%         5
 Blade Hands              Tmut           5%         N/A       38%         5
 Manifold Assault         Tloc           5%         N/A       54%         5
 Dragon Form              Tmut           5%         N/A       100%        7


Dungeon Overview and Level Annotations

Branches:
Dungeon (9/15)             Temple (1/1) D:6            Lair (0/5) D:8
    Orc: D:9-12

Altars:
Ashenzari
Cheibriados
Dithmenos
Fedhas
Gozag
Hepliaklqana
Kikubaaqudgha
Nemelex Xobeh
Okawaru
Qazlal
Ru
Sif Muna
Trog
Uskayaw
Vehumet
Wu Jian
Xom
Yredelemnul

Shops:
D:8 :


Innate Abilities, Weirdness & Mutations

Your life essence is reduced to manifest your ancestor. (-10% HP)
You have a pair of small antennae on your head.
You sometimes gain a little power by taking damage.
You are mostly covered in sharp spines.


Message History

Eadwine closely misses the yak.
You hit the yak.
The yak looks as sick as possible!
The yak is almost dead.
The yak barely misses you. The yak is struck by your spines.
You kill the yak!
Eadwine completely misses the yak.
You hit the yak.
The yak is poisoned.
The yak is lightly wounded.
The yak closely misses Eadwine.
The yak gores you!
You focus on the pain.
You feel very mighty all of a sudden.
Eadwine hits the yak.
You puncture the yak!
The yak looks as sick as possible!
The yak is heavily wounded.
The yak barely misses you.
The yak gores Eadwine but does no damage.
The yak is struck by your spines. The yak gores you.
Eadwine barely misses the yak.
You barely miss the yak.
The yak is severely wounded.
The yak misses you. The yak gores you!
Eadwine barely misses the yak.
Casting: Foxfire (safe; 1% risk of failure)
Confirm with . or Enter, or press ? or * to list all spells.
Flames lash the yak.
The yak is lightly wounded.
The yak's fire resistance burns away.
The yak is struck by your spines. The yak gores you!
You focus on the pain.
You feel agile all of a sudden. The yak gores you!
* * * LOW HITPOINT WARNING * * *
The yak is struck by your spines. The yak gores you!
* * * LOW HITPOINT WARNING * * *
Eadwine hits the yak!
The yak dies!
Casting: Scorch (safe; 1% risk of failure)
Confirm with . or Enter, or press ? or * to list all spells.
Flames lash the yak.
The yak is heavily wounded.
The yak's fire resistance burns away.
The yak is struck by your spines. The yak completely misses you.
The yak gores you!
You die...

...... .....# #.#....
###...>.[. ##....... ######
#..$...# #..... #.R.Y.#
#..... #..@Y[# #_....
##.#### #.†... ###.# #.....
#...# ######
##.##############..... #
#...............R..?..
####.#.###############.....
#......R...................
######################.....


You could see the friendly Eadwine the ancestor and 2 yaks.

Vanquished Creatures
  A two-headed ogre (D:9)
  The ghost of Mickster the Chopper, a novice TrBe of Trog (D:5)
  The ghost of javelincjr the Caller, a novice GnSu (D:5)
  Maurice (D:8)
  A gargoyle (D:8)
  A troll (D:8)
  A ynoxinul (D:8)
  A yak (D:9)
  2 wyverns
  A steam dragon (D:6)
  The ghost of edwinsage the Reanimator, an amateur DENe (D:5)
  3 water moccasins
  2 black bears
  3 ogres (D:5)
  A gnoll sergeant (D:6)
  A scorpion (D:5)
  5 necrophages
  16 killer bees
  3 orc priests (D:7)
  4 hounds
  2 jellies (D:5)
  An iguana (D:6)
  Crazy Yiuf (D:5)
  9 orc wizards
  7 adders
  9 gnolls
  2 ufetubi (D:6)
  3 worms
  21 orcs
  3 ball pythons
  5 bats
  4 endoplasms
  7 giant cockroaches
  3 goblins
  8 hobgoblins
  7 jackals (D:2)
  A quokka (D:2)
  2 frilled lizards
  2 kobolds (D:4)
  3 rats
150 creatures vanquished.

Vanquished Creatures (collateral kills)
  An unseen horror (D:8)
  A yak (D:9)
  A scorpion (D:7)
  A killer bee (D:8)
  An orc wizard (D:7)
  An orc (D:7)
6 creatures vanquished.

Vanquished Creatures (others)
  An ice beast (D:5)
  2 ancestors
  An orc (D:5)
  222 foxfires
226 creatures vanquished.

Grand Total: 382 creatures vanquished

Notes
Turn   | Place    | Note
-------+----------+-------------------------------------------
     0 | D:1      | croobank the Demonspawn Fire Elementalist began the quest
                  | for the Orb.
     0 | D:1      | Reached XP level 1. HP: 13/13 MP: 3/3
    39 | D:1      | Found a faded altar of an unknown god.
    72 | D:1      | Got the Grimoire of Shivering Transmigration
   623 | D:1      | Gained mutation: You are partially covered in sharp spines.
                  | [demonic ancestry]
   623 | D:1      | Reached XP level 2. HP: 19/19 MP: 3/5
   626 | D:1      | Learned a level 2 spell: Scorch
  1792 | D:2      | Reached XP level 3. HP: 25/25 MP: 1/6
  1923 | D:2      | Reached skill level 1 in Fighting
  2265 | D:3      | Reached XP level 4. HP: 32/32 MP: 4/7
  2294 | D:3      | Learned a level 3 spell: Inner Flame
  2588 | D:3      | Found an ornate altar of the Wu Jian Council.
  3065 | D:4      | Reached XP level 5. HP: 37/37 MP: 5/8
  3347 | D:4      | Found an ancient bone altar of Kikubaaqudgha.
  3465 | D:4      | Reached XP level 6. HP: 44/44 MP: 4/10
  3781 | D:4      | Found a basalt altar of Yredelemnul.
  4278 | D:5      | Entered Level 5 of the Dungeon
  4292 | D:5      | Learned a level 3 spell: Summon Guardian Golem
  4322 | D:5      | Noticed an ice beast
  4353 | D:5      | Killed an ice beast
  4354 | D:5      | Reached skill level 1 in Hexes
  4418 | D:5      | Learned a level 2 spell: Blink
  4541 | D:5      | Gained mutation: You sometimes gain a little power by
                  | taking damage. [demonic ancestry]
  4541 | D:5      | Reached XP level 7. HP: 51/51 MP: 7/11
  4787 | D:5      | Reached skill level 1 in Summonings
  4905 | D:5      | Found a runed translucent gate.
  4906 | D:5      | Found a runed translucent gate.
  4906 | D:5      | Found a runed translucent gate.
  4907 | D:5      | Noticed Mickster's ghost (novice TrBe)
  4907 | D:5      | Noticed edwinsage's ghost (amateur DENe)
  4914 | D:5      | Noticed javelincjr's ghost (novice GnSu)
  4946 | D:5      | Killed Mickster's ghost
  4947 | D:5      | Reached XP level 8. HP: 28/58 MP: 10/13
  4951 | D:5      | Killed javelincjr's ghost
  4951 | D:5      | Killed edwinsage's ghost
  5576 | D:5      | Gained mutation: You are mostly covered in sharp spines.
                  | [demonic ancestry]
  5576 | D:5      | Reached XP level 9. HP: 58/65 MP: 10/15
  5715 | D:5      | Found a hide-covered altar of Uskayaw.
  5806 | D:5      | Found a runed translucent door.
  5807 | D:5      | Noticed Crazy Yiuf
  5813 | D:5      | Killed Crazy Yiuf
  6027 | D:6      | Reached skill level 5 in Fire Magic
  6273 | D:6      | Reached skill level 5 in Stealth
  6327 | D:6      | Identified the +0 buckler of Jigsaw {rC+ Will+}
  6579 | D:6      | Found a staircase to the Ecumenical Temple.
  6741 | Temple   | Entered the Ecumenical Temple
  6786 | Temple   | Became a worshipper of Hepliaklqana the Forgotten
  7231 | D:7      | Reached skill level 1 in Invocations
  7458 | D:7      | Found an opulent altar of Gozag.
  7478 | D:7      | Reached skill level 1 in Shields
  7709 | D:7      | Reached * piety under Hepliaklqana
  7717 | D:7      | Reached skill level 5 in Conjurations
  8441 | D:8      | Reached skill level 5 in Spellcasting
  8530 | D:8      | Found Pik Jiacvi's Book Shoppe.
  8546 | D:8      | Gained mutation: You have a pair of small antennae on your
                  | head. [demonic ancestry]
  8546 | D:8      | Reached XP level 10. HP: 65/65 MP: 11/17
  8620 | D:8      | Learned a level 7 spell: Storm Form
  8634 | D:8      | Noticed a gargoyle
  8650 | D:8      | Killed a gargoyle
  8651 | D:8      | Reached skill level 5 in Dodging
  8753 | D:8      | Noticed Maurice
  8768 | D:8      | Killed Maurice
  8905 | D:8      | Found a staircase to the Lair.
  9229 | D:8      | Found a shimmering blue altar of Sif Muna.
  9602 | D:8      | Reached skill level 5 in Fighting
  9602 | D:8      | Got Sif Muna's Treatise on Illusion
  9659 | D:8      | Found a bloodstained altar of Trog.
 10066 | D:9      | Reached skill level 1 in Transmutations
 10089 | D:9      | Noticed a two-headed ogre
 10099 | D:9      | Killed a two-headed ogre
 10100 | D:9      | Reached skill level 1 in Air Magic
 10277 | D:9      | Found a snail-covered altar of Cheibriados.
 10337 | D:9      | HP: 1/66 [yak (13)]
 10338 | D:9      | Mangled by a yak

Illustrated notes

Levels and vault maps discovered:
D:1:      roderic_octagonal_star, layout_basic, serial_glass, glass_columns_b,
          glass_columns_b, ebering_ecumenical_altar_petrified
D:2:      layout_loops_corners
D:3:      layout_loops_ring, lemuel_doored_altar
D:4:      kennysheep_spiral_hall, layout_loops_ring,
          nicolae_kikubaaqudgha_miasma_corner, mainiacjoe_overflow_boulevard
D:5:      layout_loops_ring, chequers_temple_overflow_statue_of_worship,
          gammafunk_ghost_cemetery, chequers_serial_rivers_micro_c,
          corexii_hall_statues_x, uniq_crazy_yiuf_cottage
D:6:      layout_basic, minmay_temple_entry_hall
D:7:      layout_basic, mainiacjoe_overflow_catwalk
D:8:      layout_cave_pods, nzn_overflow_gifts_of_might_and_magic,
          lair_entry_dummy, serial_shops, shop_fountains, uniq_maurice
D:9:      minmay_spotlight, layout_rooms, demons_altar, slow_altar_2,
          ploomutoo_gammafunk_ghost_potion_laboratory
Temple:   minmay_temple_bridge_abc

Skill      XL: |  1  2  3  4  5  6  7  8  9 10 |
---------------+-------------------------------+-----
Stealth        | 2 3 4 5 |  5.5
Dodging        | 2 3 4 5 |  5.4
Fire Magic     | 3 4 5 |  5.9
Fighting       | 1 2 3 4 5 |  5.3
Conjurations   | 2 3 4 5 |  5.6
Spellcasting   | 3 4 5 |  5.5
Hexes          | 1 2 3 4 |  4.5
Summonings     | 2 3 4 |  4.7
Invocations    | 3 4 |  4.7
Shields        | 2 |  2.6
Transmutations | 1 |  1.2
Air Magic      | 1 |  1.0

Action                   |  1- 3 |  4- 6 |  7- 9 | 10-12 || total
-------------------------+-------+-------+-------+-------++-------
Melee: Dagger            |    35 |    39 |    49 |    11 ||   134
       Unarmed           |     2 |       |       |       ||     2
       Punch             |     1 |     1 |       |       ||     2
       Short sword       |     1 |       |       |       ||     1
 Cast: Foxfire           |    16 |    35 |    55 |    21 ||   127
       Scorch            |    15 |    18 |    86 |    31 ||   150
       Summon Guardian G |       |     1 |     2 |       ||     3
       Inner Flame       |       |       |     2 |       ||     2
       Blink             |       |       |     1 |       ||     1
  Use: Scroll            |       |     9 |     6 |     2 ||    17
       Potion            |       |       |     3 |       ||     3
Armor: Robe              |     9 |     8 |    25 |    15 ||    57
Dodge: Dodged            |    29 |    17 |    61 |    44 ||   151
